Map: Lerilak Crest

Players

Javert - Winner!

  • Race: Zerg Zerg
  • League: Platinum

Slayer

  • Race: Protoss Protoss
  • League: Platinum

VOD

Have the link to the VOD?

Description

Time

  • Played on: Aug. 21, 2015, 12:03 a.m.
  • Length: 6:02
Show
View Real Time Build Order
Export as new Build Order

Javert Zerg - Winner!

Build Orders: Hatch First 

Get SALT Encoding   

  12  0:01  Drone  
  13  0:15  Overlord  
  13  0:18  Drone  
  14  0:33  Drone x2  
  16  0:37  Drone  
  17  0:57  Hatchery  
  17  1:00  Drone  
  17  1:04  Extractor  
  16  1:11  Drone x2  
  18  1:23  Drone  
  19  1:32  Spawning Pool  
  19  1:36  Drone  
  19  1:51  Drone  
  20  2:00  Drone  
  21  2:07  Drone  
  22  2:14  Drone  
  23  2:16  Overlord  
  23  2:21  Metabolic Boost  
  23  2:22  Queen x2  
  23  2:27  Drone  
  28  2:40  Drone x3  
  28  2:43  Extractor  
  29  3:01  Roach Warren  
  29  3:03  Queen  
  29  3:04  Queen  
  32  3:05  Overlord  
  32  3:15  Drone  
  32  3:16  Drone, Spine Crawler  
  33  3:22  Zergling x4  
  33  3:25  Zergling x2  
  36  3:28  Zergling x2  
  37  3:50  Drone x6  
  43  4:04  Overlord  
  43  4:09  Overlord  
  43  4:17  Overlord  
  43  4:25  Overlord  
  43  4:27  Roach  
  43  4:28  Roach x3  
  51  4:37  Roach x5  
  61  4:43  Drone  
  62  5:05  Drone  
  62  5:06  Drone x7  
  70  5:11  Overlord  
  70  5:34  Overlord  
  70  5:39  Overlord  
  70  5:41  Extractor x2  
Show
View Real Time Build Order
Export as new Build Order

Slayer Protoss 

Build Orders:  

Get SALT Encoding   

  12  0:01  Probe  
  14  0:14  Probe  
  14  0:18  Pylon  
  14  0:26  Probe  
  15  0:39  Gateway  
  15  0:42  Probe  
  16  0:45  Assimilator  
  16  0:54  Probe  
  16  1:03  Pylon  
  16  1:06  Probe  
  17  1:19  Pylon  
  17  1:26  Cybernetics Core  
  17  1:33  Probe  
  18  1:45  Probe  
  19  1:47  Assimilator  
  19  1:49  Zealot  
  19  1:50  Warp Gate  
  21  1:59  Probe  
  22  2:09  Robotics Facility  
  22  2:11  Probe  
  23  2:24  Adept  
  26  2:34  Mothership Core  
  27  2:46  Pylon  
  27  2:52  Gateway  
  27  3:04  Warp Prism  
  29  3:20  Pylon  
  29  3:23  Gateway  
  29  3:52  Probe  
  29  3:55  Stalker x2  
  32  4:05  Immortal  
  36  4:21  Sentry x2  
  36  4:22  Zealot  
  42  4:28  Gateway  
  42  4:45  Stalker x2  
  44  4:52  Stalker  
Tags
 
Add a new tag
Caveats
  • Supply blocks, unpowered buildings, or Contaminate may cause inaccurate times.
  • Supply counts are checked every 10 seconds.